 Dungeon Crawl Stone Soup version 0.22.1-1-ga44c0e5 (webtiles) character file.

703 alkexr the Conjurer (level 7, -7/40 HPs)
             Began as a Gargoyle Wizard on Oct 9, 2018.
             Was an Initiate of Sif Muna.
             Mangled by an orc warrior
             ... wielding a +0 short sword
              (15 damage)
             ... on level 4 of the Dungeon.
             The game lasted 00:32:44 (7629 turns).

alkexr the Conjurer (Gargoyle Wizard)               Turns: 7629, Time: 00:32:46

Health: -7/40      AC:  8    Str: 10    XL:     7   Next: 66%
Magic:  1/13       EV: 12    Int: 21    God:    Sif Muna [......]
Gold:   142        SH:  0    Dex:  8    Spells: 6/14 levels left

rFire    . . .     SeeInvis .   w - +0 morningstar
rCold    . . .     Gourm    .   (no shield)
rNeg     + . .     Faith    .   a - +1 robe
rPois    ∞         Spirit   .   u - +0 helmet
rElec    +         Reflect  .   (no cloak)
rCorr    .         Harm     .   (no gloves)
MR       .....                  (no boots)
Stlth    ++........             (no amulet)
HPRegen  0.13/turn              (no ring)
MPRegen  0.13/turn              (no ring)

@: very slightly contaminated
A: negative energy resistance 1, electricity resistance, unbreathing,
petrification resistance, rot immunity, AC +4
a: Renounce Religion


You were on level 4 of the Dungeon.
You worshipped Sif Muna.
Sif Muna was noncommittal.
You were not hungry.

You visited 2 branches of the dungeon, and saw 7 of its levels.

You collected 142 gold pieces.

Inventory:

Hand Weapons
 i - a +0 mace
 o - the +5 dagger of Seruz {venom, *Drain rN++, unknown}
   (You found it on level 4 of the Dungeon)

   It poisons the flesh of those it strikes.
   It greatly protects you from negative energy.
   It causes draining when unequipped.
 w - a +0 morningstar (weapon)
Armour
 a - a +1 robe (worn)
 b - a +0 hat
 q - a +2 leather armour of cold resistance
 u - a +0 helmet (worn)
Wands
 l - a wand of flame (33)
 m - a wand of polymorph (3)
 n - a wand of acid (6)
 r - a wand of random effects (29)
Scrolls
 e - 3 scrolls of amnesia
 f - 3 scrolls of remove curse {unknown}
 h - 3 scrolls of enchant armour
 k - 2 scrolls of enchant weapon {unknown}
 p - a scroll of fear {unknown}
 t - a scroll of teleportation
 y - a scroll of identify
Potions
 c - 2 potions of heal wounds
 g - a potion of lignification
 j - 2 potions of brilliance
 s - a potion of degeneration {unknown}
 x - a potion of berserk rage {unknown}
Comestibles
 d - 4 rations


   Skills:
 + Level 2.1 Fighting
 - Level 1.5 Dodging
 - Level 2.1 Stealth
 + Level 4.4 Spellcasting
 + Level 6.1 Conjurations
 - Level 2.1 Summonings
 - Level 2.0 Translocations
 - Level 2.0 Poison Magic


You had 6 spell levels left.
You knew the following spells:

 Your Spells              Type           Power        Failure   Level  Hunger
a - Magic Dart            Conj           ####         1%          1    None
t - Mephitic Cloud        Conj/Pois/Air  ###.....     11%         3    ##.....
u - Blink                 Tloc           N/A          8%          2    #......
y - Call Imp              Summ           ##......     8%          2    #......

Your spell library contained the following spells:

 Spells                   Type           Power        Failure   Level  Hunger
 Conjure Flame            Conj/Fire      ###.....     10%         3    ##.....
 Slow                     Hex            #.......     17%         2    #......


Dungeon Overview and Level Annotations

Branches:
Dungeon (6/15)             Temple (1/1) D:4

Altars:
Cheibriados
Fedhas
Gozag
Kikubaaqudgha
Nemelex Xobeh
Okawaru
Ru
Sif Muna
Trog
Vehumet
Xom
Yredelemnul
Zin
The Shining One

Annotations:
D:5 Prince Ribbit


Innate Abilities, Weirdness & Mutations

You are resistant to torment.
Your stone body is resilient. (AC +4)
You are immune to poison.
You resist negative energy. (rN+)
You are resistant to electric shocks. (rElec)
You can survive without breathing.
You are immune to petrification.
You are immune to rotting.


Message History

Casting: Blink (safe; 8% risk of failure)
Confirm with . or Enter, or press ? or * to list all spells.
You blink.
The orc warrior shouts!
Casting: Blink (safe; 8% risk of failure)
Confirm with . or Enter, or press ? or * to list all spells.
You don't have enough magic to cast that spell.
The orc priest barely misses you.
Casting: Blink (safe; 8% risk of failure)
Confirm with . or Enter, or press ? or * to list all spells.
You blink.
The orc priest hits you but does no damage.
The orc warrior hits you with a short sword!
You puncture the orc priest!
The orc priest is heavily wounded.
The orc priest hits you with a flail.
* * * LOW HITPOINT WARNING * * *
The orc warrior barely misses you.
The orc warrior hits you with a short sword!
You die...

#....#...#....###
#....#....(.....#####
#....#........).....#
#....'..........###.#####
#....##.........# #.....#
####.#...##o...###
#o....# #....#.#Y##.####
#.....# #.####.#o##.#
#.##### #.#....#.@o.# #.#
#....######## #.# ######
#(# #.##### #......
######. #. #. #.


You could see an orc warrior, an ice beast and an orc priest.

Vanquished Creatures
  Sigmund (D:4)
  Duvessa (D:5)
  A centaur (D:5)
  Dowan (D:5)
  A scorpion (D:3)
  A jelly (D:5)
  3 orc priests
  5 adders
  An ooze (D:5)
  5 worms
  A dart slug (D:1)
  A leopard gecko (D:6)
  6 orcs
  2 ball pythons (D:2)
  A giant cockroach (D:1)
  6 goblins
  12 hobgoblins
  7 jackals
  6 kobolds
  A quokka (D:3)
  11 bats
  6 frilled lizards
  8 rats
88 creatures vanquished.

Vanquished Creatures (collateral kills)
  2 orc wizards (D:3)
  An adder (D:3)
  3 orcs (D:3)
  A goblin (D:1)
7 creatures vanquished.

Grand Total: 95 creatures vanquished

Notes
Turn   | Place    | Note
-------+----------+-------------------------------------------
     0 | D:1      | alkexr the Gargoyle Wizard began the quest for the Orb.
     0 | D:1      | Reached XP level 1. HP: 10/10 MP: 4/4
   408 | D:1      | Reached skill level 2 in Conjurations
   427 | D:1      | Reached XP level 2. HP: 15/15 MP: 1/6
   479 | D:1      | Learned a level 2 spell: Blink
   482 | D:1      | Learned a level 2 spell: Call Imp
   916 | D:1      | Reached skill level 3 in Conjurations
  1144 | D:1      | Reached skill level 1 in Summonings
  1171 | D:1      | Reached skill level 1 in Translocations
  1171 | D:1      | Reached XP level 3. HP: 19/19 MP: 3/7
  1176 | D:1      | Learned a level 3 spell: Mephitic Cloud
  2079 | D:2      | You fall through a shaft for 2 floors!
  2079 | D:4      | Noticed an orc warrior
  2371 | D:3      | Reached skill level 1 in Poison Magic
  2531 | D:3      | Reached XP level 4. HP: 11/24 MP: 3/8
  3226 | D:2      | Found an ancient bone altar of Kikubaaqudgha.
  3379 | D:2      | Reached skill level 4 in Conjurations
  3428 | D:2      | Found an iron altar of Okawaru.
  3940 | D:2      | Reached XP level 5. HP: 20/28 MP: 2/9
  5151 | D:4      | Got a shimmering dagger
  5162 | D:4      | Found an opulent altar of Gozag.
  5476 | D:4      | Reached XP level 6. HP: 32/32 MP: 1/11
  5647 | D:3      | Reached skill level 5 in Conjurations
  6002 | D:4      | Found a staircase to the Ecumenical Temple.
  6081 | Temple   | Entered the Ecumenical Temple
  6298 | Temple   | Became a worshipper of Sif Muna the Loreminder
  6341 | D:4      | Noticed Sigmund
  6536 | D:4      | Killed Sigmund
  6904 | D:5      | Entered Level 5 of the Dungeon
  6915 | D:5      | Reached XP level 7. HP: 36/36 MP: 8/13
  7006 | D:5      | Noticed Duvessa
  7024 | D:5      | Killed Duvessa
  7024 | D:5      | Reached skill level 1 in Fighting
  7025 | D:5      | Noticed Dowan
  7133 | D:5      | Reached skill level 6 in Conjurations
  7273 | D:5      | Killed Dowan
  7403 | D:5      | Noticed Prince Ribbit
  7485 | D:6      | Reached * piety under Sif Muna
  7561 | D:6      | Found a shimmering altar of Xom.
  7562 | D:6      | Found a shimmering altar of Xom.
  7563 | D:6      | Found a shimmering altar of Xom.
  7564 | D:6      | Found a shimmering altar of Xom.
  7564 | D:6      | Found a shimmering altar of Xom.
  7629 | D:4      | Mangled by an orc warrior

Skill      XL: |  1  2  3  4  5  6  7 |
---------------+----------------------+-----
Conjurations   | 2 3 4 5 6 |  6.1
Summonings     | 1 2 |  2.1
Translocations | 1 2 |  2.0
Poison Magic   | 1 2 |  2.0
Spellcasting   | 4 |  4.4
Fighting       | 2 |  2.1
Dodging        | |  1.5
Stealth        | |  2.1

Action                   |  1- 3 |  4- 6 |  7- 9 || total
-------------------------+-------+-------+-------++-------
Melee: Unarmed           |    30 |       |       ||    30
       Mace              |     6 |    41 |       ||    47
       Morningstar       |       |    31 |    22 ||    53
 Cast: Magic Dart        |    64 |   115 |    34 ||   213
       Call Imp          |     3 |     9 |       ||    12
       Mephitic Cloud    |     1 |    13 |     5 ||    19
       Blink             |     1 |     1 |     5 ||     7
  Use: Scroll            |     8 |     4 |     1 ||    13
       Potion            |     2 |       |       ||     2
 Stab: Confused          |       |       |     1 ||     1
  Eat: Chunk             |     2 |    11 |     3 ||    16
       Ration            |     1 |     1 |       ||     2
Armor: Robe              |    16 |    55 |    11 ||    82
Dodge: Dodged            |    44 |   105 |    25 ||   174
